 Dungeon Crawl Stone Soup version 0.29.1-15-g9cfb28693d (webtiles) character file.

Game seed: 12512709680562638767

2647 croobank the Firebug (level 9, 0/65 HPs)
             Began as a Demonspawn Fire Elementalist on Mar 23, 2023.
             Slain by an orc knight
             ... wielding a +0 war axe
              (23 damage)
             ... in a bailey.
             The game lasted 00:28:12 (8141 turns).

croobank the Firebug (Demonspawn Fire Elementalist) Turns: 8141, Time: 00:28:13

Health: 0/65       AC:  6    Str:  7    XL:     9   Next: 36%
Magic:  6/16       EV: 13    Int: 22    God:
Gold:   523        SH:  4    Dex: 13    Spells: 1/17 levels left

rFire   + + +      SeeInvis .   D - +0 trident
rCold   + + .      Faith    .   (no shield)
rNeg    + . .      Spirit   .   t - +0 robe of Fanaticism {rF+++ rC+ rN+ Str-3}
rPois   .          Reflect  .   (no helmet)
rElec   .          Harm     .   M - scarf {rC+ rF+}
rCorr   .          Rampage  .   (no gloves)
Will    +....                   (no boots)
Stlth   +++.......              (no amulet)
HPRegen 0.20/turn               z - ring of willpower
MPRegen 0.15/turn               h - ring of wizardry

@: no status effects
A: claws 1, icemail 1, powered by death 1, big brain 1, condensation shield
a: no special abilities


You were in a bailey.
You visited 2 branches of the dungeon, and saw 9 of its levels.
You also visited: Bailey.

You collected 523 gold pieces.

Inventory:

Hand Weapons
 b - a +0 sling
 i - a +0 mace
 j - a +1 dagger
 q - a +0 hand axe
 r - a +3 vorpal war axe
 v - a +0 whip of flaming
 y - a +0 short sword
 A - a +0 rapier
 D - a +0 trident (weapon)
 H - a +0 great sword
Missiles
 d - 3 boomerangs
 o - 2 throwing nets
 w - 6 javelins
 J - 3 atropa-tipped darts
Armour
 a - a +0 robe
 t - the +0 robe of Fanaticism (worn) {rF+++ rC+ rN+ Str-3}
   (You took it off a hobgoblin on level 4 of the Dungeon)

   Str:       It affects your strength (-3).
   rF:        It renders you almost immune to fire.
   rC:        It protects you from cold.
   rN:        It protects you from negative energy.
 B - a +1 cloak
 M - a scarf of resistance (worn)
 O - a +1 robe of cold resistance
Jewellery
 h - a ring of wizardry (right claw)
 z - a ring of willpower (left claw)
 F - a +6 ring of dexterity
 L - a ring of resist corrosion
Wands
 u - a wand of quicksilver (7)
 I - a wand of iceblast (14)
Scrolls
 c - 2 scrolls of vulnerability
 f - 2 scrolls of teleportation
 n - a scroll of silence
 p - 2 scrolls of butterflies
 K - a scroll of fear
Potions
 e - 3 potions of curing
 g - 2 potions of attraction
 l - a potion of brilliance
 m - 2 potions of ambrosia
 s - a potion of resistance
 C - a potion of might
 E - 2 potions of haste {unknown}
 G - a potion of magic
 N - a potion of lignification {unknown}
 P - a potion of cancellation {unknown}


   Skills:
 + Level 4.0 Fighting
 * Level 2.5 Axes
 + Level 4.5 Dodging
 + Level 4.9 Stealth
 + Level 4.6 Spellcasting
 + Level 4.5 Conjurations
 + Level 0.5 Hexes
 + Level 0.3 Summonings
 + Level 4.9 Fire Magic
 + Level 3.5 Air Magic
 - Level 2.6 Poison Magic


You had one spell level left.
You knew the following spells:

 Your Spells              Type           Power      Damage    Failure   Level
a - Foxfire               Conj/Fire      100%       2x1d9     1%          1
b - Scorch                Fire           52%        2d7       1%          2
c - Mephitic Cloud        Conj/Pois/Air  20%        N/A       2%          3
d - Ignite Poison         Fire/Tmut/Pois 16%        N/A       4%          3
e - Flame Wave            Conj/Fire      26%        2d8       6%          4
f - Summon Guardian Gole  Hex/Summ       7%         N/A       11%         3

Your spell library contained the following spells:

 Spells                   Type           Power      Damage    Failure   Level
 Magic Dart               Conj           100%       1d8       1%          1
 Shock                    Conj/Air       92%        1d8       1%          1
 Summon Small Mammal      Summ           24%        N/A       3%          1
 Poisonous Vapours        Pois/Air       36%        N/A       1%          2
 Conjure Flame            Conj/Fire      26%        6-21      1%          3
 Swiftness                Air            20%        N/A       2%          3
 Inner Flame              Hex/Fire       17%        N/A       4%          3
 Call Imp                 Summ           6%         N/A       6%          2
 Airstrike                Air            10%        2d(2-18)  10%         4
 Call Canine Familiar     Summ           6%         N/A       11%         3
 Tukima's Dance           Hex            7%         N/A       11%         3
 Corpse Rot               Necr/Pois/Air  14%        N/A       17%         4
 Freezing Cloud           Conj/Ice/Air   8%         6-21      34%         5
 Passage of Golubria      Tloc           5%         N/A       38%         4
 Irradiate                Conj/Tmut      7%         3d14      41%         5
 Yara's Violent Unravell  Hex/Tmut       3%         3d4       67%         5
 Blade Hands              Tmut           2%         N/A       71%         5
 Dragon Form              Tmut           2%         N/A       100%        7


Dungeon Overview and Level Annotations

Branches:
Dungeon (8/15)             Temple (1/1) D:6          Bailey (1/1)
   Lair: D:8-11

Altars:
Fedhas
Gozag
Kikubaaqudgha
Nemelex Xobeh
Okawaru
Qazlal
Ru
Sif Muna
Trog
Vehumet
Wu Jian
Xom
Yredelemnul

Annotations:
D:4 2 transporters, middlethird's ghost, novice MeEE


Innate Abilities, Weirdness & Mutations

You have sharp fingernails.
A meltable icy envelope protects you from harm. (AC +4)
You regenerate a little health from kills.
You have an unusually large brain. (Int +2)
A meltable shield of frost defends you. (SH +4)


Message History

You hit the goblin.
The goblin is moderately wounded.
The goblin closely misses you.
You hit the goblin.
You kill the goblin!
Casting: Foxfire (safe; 1% risk of failure)
Confirm with . or Enter, or press ? or * to list all spells.
Flames lash the hobgoblin.
You kill the hobgoblin!
You start resting.
An orc knight comes into view. It is wielding a +0 war axe.
Casting: Scorch (safe; 1% risk of failure)
Confirm with . or Enter, or press ? or * to list all spells.
A guardian golem appears, shielding your allies.
The orc knight shouts!
You hear a shout!
You swap places.
Aiming: Quicksilver Bolt
Press: ? - help, Shift-Dir - straight line
Okay, then.
Aiming: Iceblast
Press: ? - help, Shift-Dir - straight line The mass of ice explodes!
The iceblast engulfs the orc knight!
The orc knight is lightly wounded.
You hear a shout!
Casting: Summon Guardian Golem (dangerous; 11% risk of failure)
Confirm with . or Enter, or press ? or * to list all spells.
Flames lash the orc knight.
The orc knight is moderately wounded.
The orc knight's fire resistance burns away.
The orc knight closely misses you.
The orc knight hits your guardian golem with a +0 war axe!!
Casting: Scorch (safe; 1% risk of failure)
Confirm with . or Enter, or press ? or * to list all spells.
Flames lash the orc knight.
The orc knight is burned terribly!
The orc knight is moderately wounded.
The orc knight hits you with a +0 war axe!
The orc knight hits your guardian golem with a +0 war axe.
Your guardian golem overheats!
The orc knight hits you with a +0 war axe!!
You die...

##...).....##
#..)).....#
##.......##
#.)).)..#
##.))..##
♣##'''##♣
♣♣9......♣♣
♣.o.......♣♣
♣♣.@..∩.....♣
♣....)......♣
♣♣....∩....♣♣
♣.........♣
♣♣♣......♣♣
♣♣♣..♣♣♣ ♣♣♣♣


You could see an orc knight (combustible, ally target) and a friendly guardian
golem (summoned, inner flame).

Vanquished Creatures
  Pikel (D:7)
  Eustachio (D:6)
  A steam dragon (D:7)
  Duvessa (D:5)
  An orc warrior (Bailey)
  A black bear (D:4)
  An ice beast (D:5)
  A centaur (D:8)
  An ogre (D:7)
  A lemure (D:8)
  A phantom (D:6)
  4 scorpions
  2 bullfrogs
  A necrophage (D:6)
  Dowan (D:5)
  2 jellies
  7 hounds
  Jessica (D:3)
  Natasha (thrice) (D:2)
  4 orc wizards
  7 adders
  2 shadow imps (D:7)
  A worm (D:3)
  A dart slug (D:1)
  23 orcs
  6 ball pythons
  7 endoplasms
  4 giant cockroaches
  12 goblins
  10 hobgoblins
  3 kobolds
  3 quokkas
  9 bats
  2 frilled lizards
  5 rats
131 creatures vanquished.

Vanquished Creatures (collateral kills)
  7 foxfires (D:2)
7 creatures vanquished.

Vanquished Creatures (others)
  An orc warrior (Bailey)
  A water moccasin (D:8)
  A gnoll (Bailey)
  2 orcs (Bailey)
  288 foxfires
  17 plants (D:2)
310 creatures vanquished.

Grand Total: 448 creatures vanquished

Notes
Turn   | Place    | Note
-------+----------+-------------------------------------------
     0 | D:1      | croobank the Demonspawn Fire Elementalist began the quest
                  | for the Orb.
     0 | D:1      | Reached XP level 1. HP: 13/13 MP: 3/3
    97 | D:1      | Found a faded altar of an unknown god.
   294 | D:1      | Gained mutation: A meltable shield of frost defends you.
                  | (SH +4) [demonic ancestry]
   294 | D:1      | Reached XP level 2. HP: 19/19 MP: 1/5
   878 | D:2      | Gained mutation: You have sharp fingernails. [demonic
                  | ancestry]
   878 | D:2      | Reached XP level 3. HP: 24/24 MP: 2/6
  1420 | D:2      | Noticed Natasha
  1429 | D:2      | HP: 1/24 [Natasha/magic dart (8)]
  1433 | D:2      | Killed Natasha
  1434 | D:2      | Reached XP level 4. HP: 15/30 MP: 0/7
  1576 | D:2      | Learned a level 2 spell: Scorch
  1580 | D:2      | Learned a level 3 spell: Mephitic Cloud
  1977 | D:2      | Noticed Natasha
  1981 | D:2      | Killed Natasha
  2012 | D:2      | Noticed Natasha
  2014 | D:2      | Killed Natasha
  2015 | D:2      | Gained mutation: You have an unusually large brain. (Int
                  | +2) [demonic ancestry]
  2015 | D:2      | Reached XP level 5. HP: 36/36 MP: 2/9
  2237 | D:3      | Reached skill level 1 in Fighting
  2323 | D:3      | Noticed Jessica
  2326 | D:3      | Killed Jessica
  2602 | D:3      | Learned a level 3 spell: Ignite Poison
  2745 | D:3      | Reached skill level 1 in Air Magic
  3159 | D:4      | Reached skill level 1 in Poison Magic
  3159 | D:4      | Gained mutation: A meltable icy envelope protects you from
                  | harm. (AC +4) [demonic ancestry]
  3159 | D:4      | Reached XP level 6. HP: 43/43 MP: 3/10
  3611 | D:4      | Found a transporter.
  3613 | D:4      | Found a transporter.
  3614 | D:4      | Noticed middlethird's ghost (novice MeEE)
  3915 | D:4      | Identified the +0 robe of Fanaticism {rF+++ rC+ rN+ Str-3}
  4495 | D:5      | Entered Level 5 of the Dungeon
  4495 | D:5      | Noticed an ice beast
  4502 | D:4      | Gained mutation: You regenerate a little health from kills.
                  | [demonic ancestry]
  4502 | D:4      | Reached XP level 7. HP: 50/50 MP: 4/11
  4670 | D:5      | Noticed Dowan
  5298 | D:5      | Learned a level 4 spell: Flame Wave
  5365 | D:5      | Noticed Duvessa
  5375 | D:5      | Killed Duvessa
  5376 | D:5      | Reached XP level 8. HP: 42/57 MP: 1/13
  5378 | D:5      | Killed Dowan
  5425 | D:5      | Found a sparkling altar of Nemelex Xobeh.
  5482 | D:5      | Found an ancient bone altar of Kikubaaqudgha.
  5962 | D:6      | Noticed Eustachio
  5972 | D:6      | Killed Eustachio
  6084 | D:6      | Found a staircase to the Ecumenical Temple.
  6093 | Temple   | Entered the Ecumenical Temple
  6804 | D:7      | Found a blossoming altar of Fedhas.
  7333 | D:7      | Reached skill level 1 in Axes
  7532 | D:8      | Noticed Pikel
  7546 | D:7      | Killed Pikel
  7547 | D:7      | Reached XP level 9. HP: 31/65 MP: 1/15
  7831 | D:8      | Found a flagged portal.
  7855 | Bailey   | Entered a bailey
  7866 | Bailey   | Learned a level 3 spell: Summon Guardian Golem
  8133 | Bailey   | Noticed an orc knight
  8141 | Bailey   | Slain by an orc knight

Illustrated notes

Levels and vault maps discovered:
D:1:      amcnicky_arrival_gap_in_the_tavern_cellar, layout_basic,
          chequers_ecumenical_altar_simple
D:2:      layout_rooms, basic_altar, serial_bayou_lagoon_a, uniq_natasha
D:3:      layout_basic, minivault_4, uniq_jessica
D:4:      minmay_door_path, layout_rooms, gammafunk_ghost_smash,
          nicolae_elevator_lobby_asterisk
D:5:      layout_cave_pools, mainiacjoe_overflow_boulevard, lemuel_round_altar,
          grunt_ministairs_7, uniq_duvessa
D:6:      layout_gridville, minmay_temple_entry_ruins, uniq_eustachio
D:7:      layout_basic, mainiacjoe_overflow_cross_hatched
D:8:      layout_loops_ring, tso_altar, nicolae_dithmenos_shadow_blocks,
          enter_bailey_6, feat_on_display, uniq_pikel
Temple:   nicolae_temple_no_exploring_needed
Bailey:   bailey_axe_minmay_hex_keep, bailey

Skill      XL: |  1  2  3  4  5  6  7  8  9 |
---------------+----------------------------+-----
Stealth        | 2 3 4 |  4.9
Dodging        | 2 3 4 |  4.5
Fire Magic     | 3 4 |  4.9
Conjurations   | 2 3 4 |  4.5
Fighting       | 1 2 3 4 |  4.0
Air Magic      | 1 2 3 |  3.5
Poison Magic   | 1 2 |  2.6
Spellcasting   | 3 4 |  4.6
Axes           | 2 |  2.5
Hexes          | |  0.5
Summonings     | |  0.3

Action                   |  1- 3 |  4- 6 |  7- 9 || total
-------------------------+-------+-------+-------++-------
Melee: Mace              |     7 |     1 |       ||     8
       Unarmed           |     1 |       |       ||     1
       Dagger            |       |    16 |    15 ||    31
       Punch             |       |     1 |     1 ||     2
       War axe           |       |       |    16 ||    16
       Trident           |       |       |     9 ||     9
 Cast: Foxfire           |    60 |    43 |    65 ||   168
       Scorch            |       |    44 |    71 ||   115
       Mephitic Cloud    |       |     1 |     1 ||     2
       Ignite Poison     |       |     1 |     1 ||     2
       Summon Guardian G |       |       |     3 ||     3
Evoke: Wand              |       |       |     1 ||     1
  Use: Potion            |     1 |       |     5 ||     6
       Scroll            |       |    17 |     6 ||    23
 Stab: Sleeping          |     1 |     2 |     2 ||     5
Armor: Robe              |     4 |     4 |    12 ||    20
Dodge: Dodged            |     5 |    28 |    44 ||    77
Block: Other             |     4 |     7 |    12 ||    23
